 Dungeon Crawl Stone Soup version 0.32-a0-876-gcfddb08e57 (webtiles) character file.

Game seed: 5226614675857350014

12579 Skryme the Nimble (level 12, -1/88 HPs)
             Began as a Djinni Hedge Wizard on Mar 31, 2024.
             Was a Priest of Ashenzari.
             Hit by a javelin thrown by Urug (9 damage)
             ... on level 11 of the Dungeon.
             The game lasted 00:50:13 (14637 turns).

Skryme the Nimble (Djinni Hedge Wizard)            Turns: 14637, Time: 00:50:14

Health: -1/88      AC:  5    Str: 13    XL:     12   Next: 22%
Gold:   626        EV: 20    Int: 19    God:    Ashenzari [***...] SH:  0 Dex: 13

rFire   + + .        n - +0 scimitar (heavy)
rCold   x x .        (no shield)
rNeg    . . .        w - melded +0 acid dragon scales of Toth-Mos's Legacy {rCorr, Self, Melee} (curse)
rPois   ∞            c - +0 hat of the Unveiling Nihilism {Self, Dev} (curse)
rElec   .            E - +1 cloak "Shattered Together" {Self, Melee} (curse)
rCorr   .            A - +2 pair of gloves "Enlightened Trepidation" {Range, Dev} (curse)
SInv    +            (boots unavailable)
Will    ++...        (no amulet)
Stlth   ++           I - ring of willpower
HPRegen 0.34/turn    p - ring "Eternal Water Diviner" {EV+5, Self, Fort} (curse)
MPRegen 0.00/turn

%: clarity, infuse magic (-2 HP)
@: maw-form, flying
A: devouring maw, flying, sickness immunity, fire resistance 2, cold
vulnerability 2, float, innate caster, HP casting, extra vitality 1, strong 1,
inability to drink after injury 1, inability to read after injury 1, noise
suppression
a: Begin Untransformation, Renounce Religion, Shatter the Chains


You were on level 11 of the Dungeon.
You worshipped Ashenzari.
Ashenzari was most pleased with you.
You were a creature with a mouth for a stomach.
You visited 2 branches of the dungeon, and saw 12 of its levels.

You collected 626 gold pieces.

Inventory:

Hand Weapons
 d - a +3 trident of draining
 n - a +0 heavy scimitar (weapon)
 u - a +2 dagger of speed
 B - a +2 dagger of chaos
 G - a +3 dagger of venom
 H - a +2 sling of electrocution
 U - a +4 long sword
 W - the +3 whip "Kaiforr" {drain, rPois rF+ Dex+2 Stlth-}
   (You found it on level 9 of the Dungeon)

   Dex+2:     It affects your dexterity (+2).
   rF+:       It protects you from fire.
   rPois:     It protects you from poison.
   Stlth-:    It makes you less stealthy.
Missiles
 r - 23 poisoned darts
 P - a curare-tipped dart
Armour
 b - a +0 buckler
 c - the cursed +0 hat of the Unveiling Nihilism (worn) {Self, Dev}

   It has a curse which improves the following skills: Introspection: Fighting
   and Spellcasting.
   Devices:   Evocations and Shapeshifting.
 f - an orb of wrath
 h - an orb of mayhem
 w - the cursed +0 acid dragon scales of Toth-Mos's Legacy (melded) {rCorr, Self, Melee}
   (You took it off Maggie on level 6 of the Dungeon)

   rCorr:     It protects you from acid and corrosion.
   It has a curse which improves the following skills: Introspection: Fighting
   and Spellcasting.
   Melee Combat: Short Blades, Long Blades, Axes, Maces & Flails, Polearms,
   Staves and Unarmed Combat.
 y - a +0 ring mail
 A - the cursed +2 pair of gloves "Enlightened Trepidation" (worn) {Range, Dev}
   (You found it on level 3 of the Dungeon)

   It has a curse which improves the following skills: Ranged Combat: Ranged
   Weapons and Throwing.
   Devices:   Evocations and Shapeshifting.
 E - the cursed +1 cloak "Shattered Together" (worn) {Self, Melee}
   (You found it on level 3 of the Dungeon)

   It has a curse which improves the following skills: Introspection: Fighting
   and Spellcasting.
   Melee Combat: Short Blades, Long Blades, Axes, Maces & Flails, Polearms,
   Staves and Unarmed Combat.
 V - a +2 hat of see invisible
Magical Staves
 o - a staff of alchemy
 M - a staff of fire
 R - a staff of conjuration
Jewellery
 p - the cursed ring "Eternal Water Diviner" (right hand) {EV+5, Self, Fort}
   (You found it on level 10 of the Dungeon)

   [ring of evasion]

   EV+5:      It affects your evasion (+5).
   It has a curse which improves the following skills: Introspection: Fighting
   and Spellcasting.
   Fortitude: Armour and Shields.
 z - a ring of resist corrosion
 I - a ring of willpower (left hand)
Talismans
 s - a maw talisman (active)
Wands
 a - a wand of mindburst (9)
 D - a wand of digging (3)
 L - a wand of paralysis (8)
 O - a wand of roots (11)
Scrolls
 k - a scroll of brand weapon
 q - 5 scrolls of vulnerability
 v - 3 scrolls of teleportation
 Q - a scroll of immolation
 T - a scroll of revelation
 Y - a scroll of summoning
 Z - a scroll of blinking
Potions
 e - a potion of heal wounds
 g - 3 potions of enlightenment
 i - 4 potions of berserk rage
 l - a potion of invisibility
 t - 9 potions of curing
 x - 4 potions of lignification
 C - a potion of cancellation
 F - 2 potions of ambrosia
 K - 2 potions of haste
 S - a potion of might
 X - a potion of mutation


   Skills:
 + Level 5.4(8.3) Fighting
 - Level 10.1 Dodging
 - Level 3.1 Stealth
 + Level 2.4(3.6) Shields
 + Level 8.7(11.7) Spellcasting
 + Level 8.7 Conjurations
 + Level 8.7 Hexes
 + Level 8.7 Summonings
 + Level 8.7 Necromancy
 + Level 8.7 Translocations
 + Level 8.7 Fire Magic
 + Level 8.7 Ice Magic
 + Level 8.7 Air Magic
 + Level 8.7 Earth Magic
 + Level 8.7 Alchemy
 - Level 4.3(6.4) Evocations
 + Level 8.3(10.6) Shapeshifting


You knew the following spells:

 Your Spells              Type           Power      Damage    Failure   Level
a - Magic Dart            Conj           100%       1d8       1%          1
b - Slow                  Hex            100%       N/A       1%          1
c - Blink                 Tloc           88%        N/A       1%          2
d - Call Imp              Summ           88%        N/A       1%          2
e - Mephitic Cloud        Conj/Alch/Air  44%        N/A       1%          3
f - Summon Small Mammal   Summ           100%       N/A       1%          1
g - Scorch                Fire           88%        2d8       1%          2
h - Searing Ray           Conj           88%        2d7       1%          2
i - Olgreb's Toxic Radia  Alch           44%        N/A       1%          4
j - Metabolic Englaciati  Hex/Ice        22%        N/A       4%          5
Your spell library was empty.

Dungeon Overview and Level Annotations

Branches:
Dungeon (11/15)            Temple (1/1) D:6            Lair (0/5) D:9
    Orc: D:9-12

Altars:
Ashenzari
Cheibriados
Dithmenos
Elyvilon
Fedhas
Gozag
Hepliaklqana
Makhleb
Nemelex Xobeh
Okawaru
Qazlal
Ru
Trog
Uskayaw
Wu Jian
Xom
Yredelemnul
Zin
The Shining One

Shops:
D:2 *   D:3 =   D:4 :   D:7 *[(*(

Annotations:
D:9 6 runed translucent doors
D:11 Urug
Temple 2 transporters


Innate Abilities, Weirdness & Mutations

You are a creature with a mouth for a stomach.
Your midsection houses a second, enormous mouth.
You are flying.
You are immune to sickness and miasma.
You are immune to poison.
Your flesh is very heat resistant. (rF++)
You are very vulnerable to cold. (rC--)
You float through the air rather than walking.
You learn spells naturally, not from books.
Your magical power is your life essence.
You have superior vitality. (+4 MHP)
Your muscles are strong. (Str +4, Int/Dex -1)
You occasionally lose the ability to drink potions when taking damage.
You occasionally lose the ability to read scrolls when taking damage.
You passively dampen the noise of your surroundings.


Message History

The floor.
Unknown command.
Casting: Metabolic Englaciation (dangerous; 4% risk of failure)
Confirm with . or Enter, or press ? or * to list all spells.
You begin to radiate toxic energy.
Urug is poisoned.
The wyvern is poisoned.
Urug looks even sicker.
Urug hits you from afar with a +4 demon trident!!
The wyvern closely misses you.
Casting: Olgreb's Toxic Radiance (dangerous; 1% risk of failure)
Confirm with . or Enter, or press ? or * to list all spells.
A tiny devil pulls itself out of the air.
Urug looks even sicker.
The wyvern looks even sicker.
Urug barely misses you. The wyvern bites you!
You swap places.
Urug looks as sick as possible!
The wyvern bites your cerulean imp.
Your cerulean imp closely misses the wyvern.
Casting: Call Imp (safe; 1% risk of failure)
Confirm with . or Enter, or press ? or * to list all spells.
Flames lash the wyvern.
The wyvern is moderately wounded.
The wyvern's fire resistance burns away.
* * * LOW HITPOINT WARNING * * *
The wyvern looks even sicker.
Your toxic aura wanes.
The wyvern is no longer moving slowly.
The wyvern bites your cerulean imp!
Your cerulean imp dies!
Your cerulean imp disappears in a puff of smoke!
Unknown command.
As you read the scroll of fear, it crumbles to dust.
You assume a fearsome visage.
Urug resists with almost no effort.
The wyvern looks frightened!
Urug screams, "Prepare for a defeathering!"
Cornered, the wyvern turns to fight!
The wyvern is no longer more vulnerable to fire.
Urug throws a javelin.
The javelin pierces through you!!
* * * LOW HITPOINT WARNING * * *
Urug throws a javelin.
The javelin pierces through you!
You die...
Urug screams, "Revenge at last!"
Xom snickers!

# #.# ##### .# #.#
#...# ##.# #k#
#...###...# #o#
.#.O.##[.# #.#
.....##<## #.#
#...##)# #.#
#....#)# ###.##
#.....)#######.W..#
#...##.......#....#
#...##.###...<....#
#...##.# #........#
#######{###..<.....#
..oO...............#
....{##.###....#####
.c#.....# #....#
##....... #....#


You could see Urug (very poisoned) and a wyvern (very poisoned).

Vanquished Creatures
  A centaur warrior (D:11)
  2 boulder beetles (D:9)
  2 two-headed ogres (D:11)
  Amaemon (D:8)
  The ghost of gosagan the Skirmisher, a novice CoHu of Qazlal (D:5)
  An orange demon (D:8)
  Jeremiah (D:8)
  Maggie (D:6)
  4 trolls
  Sigmund (D:5)
  A wraith (D:11)
  2 wyverns (D:9)
  Eustachio (D:6)
  17 yaks
  2 steam dragons
  2 redbacks (D:9)
  An acid dragon (D:5)
  2 water moccasins
  3 orc warriors
  2 black bears
  3 sky beasts
  An ogre (D:3)
  A centaur (D:10)
  A phantom (D:5)
  2 kobold brigands
  3 bullfrogs
  A scorpion (D:5)
  3 wights (D:9)
  8 killer bees
  3 howler monkeys
  A bombardier beetle (D:5)
  3 crimson imps (D:3)
  2 hounds
  2 jellies
  6 orc priests
  A sleepcap (D:4)
  4 iguanas
  7 orc wizards
  9 adders
  A gnoll (D:3)
  2 shadow imps
  2 white imps
  3 dart slugs
  2 ribbon worms
  22 orcs
  5 endoplasms
  8 giant cockroaches
  9 goblins
  4 hobgoblins
  15 kobolds
  2 quokkas
  7 ball pythons
  6 bats
  3 frilled lizards (D:1)
  4 rats
204 creatures vanquished.

Vanquished Creatures (collateral kills)
  A centaur (D:5)
  A crimson imp (D:3)
  3 gnolls (D:3)
  An adder (D:2)
  3 orcs (D:3)
  3 giant cockroaches (D:3)
12 creatures vanquished.

Grand Total: 216 creatures vanquished

Notes
Turn   | Place    | Note
-------+----------+-------------------------------------------
     0 | D:1      | Skryme the Djinni Hedge Wizard began the quest for the Orb.
     0 | D:1      | Skryme set off with the following spells memorised: Magic
                  | Dart, Slow, Blink, Call Imp, Mephitic Cloud.
     0 | D:1      | Reached XP level 1. HP: 15/15 MP: 0/0
   295 | D:1      | Reached XP level 2. HP: 22/22 MP: 0/0
   452 | D:1      | Found a faded altar of an unknown god.
   464 | D:1      | Reached skill level 1 in Fighting
   803 | D:1      | Reached XP level 3. HP: 27/27 MP: 0/0
   803 | D:1      | Learned a level 1 spell: Summon Small Mammal
  1115 | D:2      | Found Nyenytud's Assorted Antiques.
  2279 | D:3      | Reached XP level 4. HP: 16/32 MP: 0/0
  2437 | D:3      | Found a white marble altar of Elyvilon.
  2481 | D:3      | Found Toocaf's Jewellery Shop.
  2761 | D:3      | Reached skill level 3 in Dodging
  2858 | D:3      | Reached XP level 5. HP: 29/38 MP: 0/0
  2858 | D:3      | Learned a level 2 spell: Scorch
  2997 | D:3      | Reached XP level 6. HP: 12/45 MP: 0/0
  3271 | D:3      | Found a shimmering altar of Xom.
  3286 | D:3      | Became a worshipper of Xom of Chaos
  3377 | D:3      | Noticed an ogre
  3383 | D:3      | Reached skill level 4 in Dodging
  3395 | D:3      | Killed an ogre
  3396 | D:3      | Reached skill level 1 in Shapeshifting
  3396 | D:3      | Reached XP level 7. HP: 18/50 MP: 0/0
  3396 | D:3      | Learned a level 2 spell: Searing Ray
  3578 | D:3      | Identified the +3 pair of boots "Bipaaff" {rElec Regen+
                  | SInv}
  4048 | D:4      | XOM: scenery: create altars
  4334 | D:4      | Found Tailif's Book Shop.
  4434 | D:4      | Found a stormy altar of Qazlal.
  4486 | D:4      | XOM: 7-stop teleportation journey
  4742 | D:4      | XOM: silly message
  4958 | D:5      | Entered Level 5 of the Dungeon
  5094 | D:5      | XOM: fake destruction
  5106 | D:5      | XOM: summons friendly iron imp
  5115 | D:5      | Reached skill level 5 in Dodging
  5173 | D:5      | XOM: enchant monster (bad)
  5173 | D:5      | Noticed an acid dragon
  5174 | D:5      | XOM: potion effect (haste)
  5347 | D:5      | Reached XP level 8. HP: 32/56 MP: 0/0
  5607 | D:5      | XOM: polymorph centaur -> endoplasm
  5831 | D:5      | Reached skill level 5 in Spellcasting
  5831 | D:5      | Reached skill level 5 in Conjurations
  5831 | D:5      | Reached skill level 5 in Hexes
  5831 | D:5      | Reached skill level 5 in Summonings
  5831 | D:5      | Reached skill level 5 in Necromancy
  5831 | D:5      | Reached skill level 5 in Translocations
  5831 | D:5      | Reached skill level 5 in Fire Magic
  5831 | D:5      | Reached skill level 5 in Ice Magic
  5831 | D:5      | Reached skill level 5 in Air Magic
  5831 | D:5      | Reached skill level 5 in Earth Magic
  5831 | D:5      | Reached skill level 5 in Alchemy
  5854 | D:5      | XOM: cloud trail
  5889 | D:5      | XOM: god gift: 17 gold pieces
  5910 | D:5      | Found a runed translucent gate.
  5910 | D:5      | Found a runed translucent gate.
  5910 | D:5      | Found a runed translucent gate.
  5911 | D:5      | Found an opulent altar of Gozag.
  5912 | D:5      | Noticed a troll
  5912 | D:5      | Noticed gosagan's ghost (novice CoHu)
  5919 | D:5      | XOM: summons 6 friendly demons
  5938 | D:5      | XOM: enchant monster (good)
  5941 | D:5      | Killed a troll
  5942 | D:5      | Reached skill level 6 in Dodging
  5952 | D:5      | Killed gosagan's ghost
  5953 | D:5      | Reached skill level 7 in Dodging
  5953 | D:5      | Reached XP level 9. HP: 22/60 MP: 0/0
  5953 | D:5      | Learned a level 4 spell: Olgreb's Toxic Radiance
  6395 | D:5      | Noticed Sigmund
  6402 | D:5      | Killed Sigmund
  6463 | D:6      | Found a staircase to the Ecumenical Temple.
  6465 | D:6      | Noticed Eustachio
  6470 | D:6      | Killed Eustachio
  6477 | Temple   | Found a transporter.
  6477 | Temple   | Found a transporter.
  6477 | Temple   | Found a transporter.
  6477 | Temple   | Found a transporter.
  6477 | Temple   | Entered the Ecumenical Temple
  6491 | Temple   | Fell from the grace of Xom
  6491 | Temple   | Became a worshipper of Ashenzari the Shackled
  6573 | D:6      | Found a burning altar of Makhleb.
  6734 | D:6      | Reached skill level 5 in Shapeshifting
  6906 | D:6      | Reached skill level 8 in Dodging
  7136 | D:6      | Noticed Maggie
  7505 | D:6      | Killed Maggie
  7506 | D:6      | Reached XP level 10. HP: 59/67 MP: 0/0
  7546 | D:6      | Found a snail-covered altar of Cheibriados.
  7991 | D:7      | Found Cinloc's Weapon Emporium.
  8317 | D:7      | Found a blossoming altar of Fedhas.
  8407 | D:7      | Found Wushronk's Antique Armour Shop.
  8451 | D:7      | XOM: stat loss: -3 Dex (10/13)
  8470 | D:7      | XOM: stat loss: -2 Int (18/20)
  8492 | D:7      | Found a shadowy altar of Dithmenos.
  8515 | D:7      | Found an iron altar of Okawaru.
  8541 | D:7      | Reached * piety under Ashenzari
  8674 | D:7      | Found a bloodstained altar of Trog.
  8674 | D:7      | Identified the Incunable of Retrieval
  8725 | D:7      | Found Hitorgh's General Store.
  8768 | D:7      | Found Yneng's Assorted Antiques.
  8822 | D:7      | Found Vaqaxij's Weapon Boutique.
  8963 | D:7      | Gained mutation: You occasionally lose the ability to drink
                  | potions when taking damage. [potion of mutation]
  9040 | D:8      | Noticed Amaemon
  9042 | D:8      | Noticed an orange demon
  9061 | D:8      | Killed an orange demon
  9062 | D:8      | Reached skill level 9 in Dodging
  9065 | D:8      | Killed Amaemon
  9296 | D:8      | Noticed Jeremiah
  9306 | D:8      | Killed Jeremiah
  9398 | D:8      | Reached ** piety under Ashenzari
  9412 | D:8      | XOM: 6-stop teleportation journey
  9684 | D:8      | XOM: chaos cloud
  9713 | D:8      | Reached skill level 10 in Dodging
  9715 | D:8      | Reached XP level 11. HP: 18/74 MP: 0/0
  9715 | D:8      | Learned a level 5 spell: Metabolic Englaciation
 10174 | D:8      | Reached *** piety under Ashenzari
 10940 | D:9      | XOM: noise
 11032 | D:9      | Found a staircase to the Lair.
 11179 | D:9      | Reached skill level 1 in Evocations
 11334 | D:9      | XOM: give mutations
 11334 | D:9      | Gained mutation: Your muscles are strong. (Str +4, Int/Dex
                  | -1) [Xom's mischief]
 11334 | D:9      | Gained mutation: You occasionally shout uncontrollably at
                  | your foes. [Xom's mischief]
 11431 | D:9      | XOM: give mutations
 11431 | D:9      | Gained mutation: You are very vulnerable to cold. (rC--)
                  | [Xom's mischief]
 11431 | D:9      | Gained mutation: You occasionally lose the ability to read
                  | scrolls when taking damage. [Xom's mischief]
 11431 | D:9      | Lost mutation: You occasionally shout uncontrollably at
                  | your foes. [Xom's mischief]
 11431 | D:9      | Gained mutation: You passively dampen the noise of your
                  | surroundings. [Xom's mischief]
 11725 | D:9      | Found a runed translucent door.
 11742 | D:9      | Identified the +3 whip "Kaiforr" {drain, rPois rF+ Dex+2
                  | Stlth-}
 11819 | D:9      | Found a runed translucent gate.
 11819 | D:9      | Found a runed translucent gate.
 11819 | D:9      | Found a runed translucent gate.
 11819 | D:9      | Found a runed translucent gate.
 11819 | D:9      | Found a runed translucent gate.
 11819 | D:9      | Found a runed translucent gate.
 11819 | D:9      | Noticed a boulder beetle
 11819 | D:9      | Noticed a boulder beetle
 11819 | D:9      | Noticed a lindwurm
 11996 | D:9      | Noticed a boulder beetle
 12032 | D:9      | Killed a boulder beetle
 12126 | D:9      | XOM: summons 1 hostile demon
 12220 | D:9      | Noticed a boulder beetle
 12243 | D:9      | Killed a boulder beetle
 12893 | D:10     | Entered Level 10 of the Dungeon
 13323 | D:10     | XOM: noise
 14122 | D:11     | Noticed a centaur warrior
 14122 | D:11     | Noticed a two-headed ogre
 14133 | D:11     | Noticed a two-headed ogre
 14349 | D:11     | Killed a two-headed ogre
 14350 | D:11     | Reached skill level 5 in Fighting
 14350 | D:11     | Reached skill level 1 in Shields
 14350 | D:11     | Reached XP level 12. HP: 43/86 MP: 0/0
 14351 | D:11     | Killed a centaur warrior
 14351 | D:11     | Killed a two-headed ogre
 14617 | D:11     | Noticed Urug
 14637 | D:11     | Hit by a javelin thrown by Urug

Illustrated notes

Levels and vault maps discovered:
D:1:      ebering_hopf_link, layout_basic, ebering_ecumenical_altar_box,
          minmay_misc_feat_chi, item_on_display_a
D:2:      layout_loops_corners, serial_shops, shop
D:3:      minmay_roachtagon, layout_basic, elyvilon_altar_3, led_xom_imps,
          serial_shops, nicolae_diamond_shop, minmay_divided_ellipse
D:4:      layout_cave_pods, nicolae_qazlal_scattered_showers, serial_shops, shop
D:5:      layout_cave_pools, ebering_ghost_gozag, hangedman_glass_teeth,
          kennysheep_generic_room_6, uniq_sigmund
D:6:      layout_loops_ring, chei_slow_surprise, makhleb_heckhound_becter,
          minmay_temple_entry_large_hall, chequers_serial_rivers_large_a,
          uniq_maggie, uniq_eustachio
D:7:      layout_gridville, fedhas_altar_fruit_tree, lemuel_crystal_altar,
          gammafunk_temple_overflow_pools, trog_book, serial_shops,
          nicolae_shop_back_alley_shop, shop, kennysheep_mini,
          nicolae_square_shop, shop
D:8:      layout_loops_corners, general_overflow_altar, uniq_amaemon,
          uniq_jeremiah
D:9:      gammafunk_indiana_jones, layout_layer_cave, lair_entry_dummy,
          hangedman_minor_gate_pass
D:10:     layout_long_grid
D:11:     layout_rooms, orc_0_dummy, uniq_urug
Temple:   hellmonk_temple_divided_pantheon

Skill      XL: |  1  2  3  4  5  6  7  8  9 10 11 12 |
---------------+-------------------------------------+-----
Fighting       | 1 2 3 5 |  5.4
Stealth        | 2 3 |  3.1
Dodging        | 3 4 5 7 8 10 | 10.1
Spellcasting   | 4 5 6 7 8 |  8.7
Conjurations   | 4 5 6 7 8 |  8.7
Hexes          | 4 5 6 7 8 |  8.7
Summonings     | 4 5 6 7 8 |  8.7
Necromancy     | 4 5 6 7 8 |  8.7
Translocations | 4 5 6 7 8 |  8.7
Fire Magic     | 4 5 6 7 8 |  8.7
Ice Magic      | 4 5 6 7 8 |  8.7
Air Magic      | 4 5 6 7 8 |  8.7
Earth Magic    | 4 5 6 7 8 |  8.7
Alchemy        | 4 5 6 7 8 |  8.7
Shapeshifting  | 1 2 4 5 6 8 |  8.3
Evocations     | 4 |  4.3
Shields        | 1 2 |  2.4

Action                     |  1- 3 |  4- 6 |  7- 9 | 10-12 || total
---------------------------+-------+-------+-------+-------++-------
  Melee: Short sword       |    52 |       |       |       ||    52
         Dagger            |    35 |    19 |   322 |   241 ||   617
         Spear             |       |    15 |    90 |       ||   105
         Maw               |       |       |       |    17 ||    17
         Scimitar          |       |       |       |     2 ||     2
   Cast: Magic Dart        |    24 |    58 |    19 |       ||   101
         Call Imp          |     3 |     8 |     4 |     2 ||    17
         Mephitic Cloud    |     2 |     6 |     1 |     5 ||    14
         Summon Small Mamm |       |     3 |       |       ||     3
         Slow              |       |     1 |       |       ||     1
         Scorch            |       |    13 |     8 |    65 ||    86
         Olgreb's Toxic Ra |       |       |     1 |    24 ||    25
         Metabolic Englaci |       |       |       |    15 ||    15
         Searing Ray       |       |       |       |     6 ||     6
 Invoke: Curse Item        |       |       |       |     5 ||     5
  Evoke: Wand              |       |       |     1 |     2 ||     3
    Use: Scroll            |     2 |     1 |     8 |     3 ||    14
         Potion            |       |       |     2 |     4 ||     6
   Stab: Sleeping          |     7 |     1 |     4 |     3 ||    15
         Petrified         |       |       |    13 |       ||    13
         Distracted        |       |       |     1 |       ||     1
         Paralysed         |       |       |       |     4 ||     4
         Confused          |       |       |       |     2 ||     2
 Armour: Robe              |    59 |    36 |   201 |       ||   296
         Acid dragon scale |       |       |       |   144 ||   144
         Skin              |       |       |       |    45 ||    45
  Dodge: Dodged            |    62 |    29 |   264 |   181 ||   536
   Form: Maw               |       |       |       |     1 ||     1

Table legend: (Time is in decaauts)
 A = Elapsed time spent in this place.
 B = Non-inter-level travel time spent in this place.
 C = Inter-level travel time spent in this place.
 D = Time resting spent in this place.
 E = Time spent auto-exploring this place.
 F = Levels seen in this place.
 G = Mean time per level.
                   A        B        C        D        E       F      G
               +--------+--------+--------+--------+--------+-----+--------+
         Total |  14645 |  14056 |    589 |   4211 |   7017 |  12 | 1220.4 |
       Dungeon |  14563 |  13974 |    589 |   4177 |   7017 |  11 | 1323.9 |
        Temple |     81 |     81 |      0 |     34 |      0 |   1 |   81.0 |
               +--------+--------+--------+--------+--------+-----+--------+

Top non-repeatable levels by time:
     D:9: 2631 daAuts
     D:3: 1723 daAuts
     D:2: 1467 daAuts
     D:6: 1462 daAuts
     D:8: 1445 daAuts
     D:5: 1429 daAuts
    D:10: 1160 daAuts
     D:7: 1106 daAuts
     D:4: 1075 daAuts
     D:1: 863 daAuts
    D:11: 197 daAuts
  Temple: 81 daAuts
